 Dungeon Crawl Stone Soup version 0.19-a0-465-g1d1674b (webtiles) character file.

92649 Geppetto the Corrupter of Planes (level 15, 0/123 HPs)
             Began as a Demonspawn Abyssal Knight on June 2, 2016.
             Was the Champion of Lugonu.
             Slain by a demonic crawler (9 damage)
             ... on level 2 of the Spider Nest on June 3, 2016.
             The game lasted 03:11:45 (47089 turns).

Geppetto the Corrupter of Planes (DsAK)            Turns: 47089, Time: 03:11:46

Health: 0/123      AC:  7    Str:  7    XL:     15   Next: 58%
Magic:  0/28       EV: 21    Int: 19    God:    Lugonu [******]
Gold:   1127       SH:  5    Dex: 20    Spells: 0 memorised, 14 levels left

rFire  + . .     SeeInvis .       - Unarmed
rCold  . . .     Gourm    .     q - +0 troll leather armour
rNeg   + + .     Faith    .     P - +0 buckler
rPois  +         Spirit   +     (no helmet)
rElec  .         Dismiss  .     O - +2 cloak of Immorality {rPois Int+4}
rCorr  .         Reflect  .     (no gloves)
SustAt +         Harm     .     W - +0 pair of boots of Qazlal's Regard {rN+ Regen+ Str-5 Dex+4}
MR     ++...     Rnd*Rage +     K - amulet of guardian spirit
Stlth  +++.......               I - ring of stealth
                                n - ring of sustain attributes

@: very resistant to hostile enchantments, fairly stealthy
A: claws 2, talons 1, berserk 1, clumsy 1, deformed body, demonic guardian 2,
fire resistance 1, magic resistance 1, negative energy resistance 1, spiny 2,
sturdy frame 1
a: Depart the Abyss, Bend Space, Banish, Corrupt, Enter the Abyss, Brand Weapon
With Distortion, Renounce Religion


You were on level 2 of the Spider Nest.
You worshipped Lugonu.
Lugonu was exalted by your worship.
You were not hungry.

You visited 4 branches of the dungeon, and saw 25 of its levels.
You visited the Abyss 1 time.
You also visited: Sewer and Ice Cave.

You collected 2288 gold pieces.
You spent 1161 gold pieces at shops.

Inventory:

Missiles
 i - 27 tomahawks
 p - 8 javelins (quivered)
 Z - 2 throwing nets
Armour
 q - a +0 troll leather armour (worn)
 E - the +1 chain mail of Kihyron {Int+3}
   (You found it on level 8 of the Lair of Beasts)

   It affects your intelligence (+3).
 N - the +1 robe of Disappointment {rPois rF++}
   (You found it on level 9 of the Dungeon)

   It greatly protects you from fire.
   It protects you from poison.
 O - the +2 cloak of Immorality (worn) {rPois Int+4}
   (You found it on level 10 of the Dungeon)

   It affects your intelligence (+4).
   It protects you from poison.
 P - a +0 buckler (worn)
 W - the +0 pair of boots of Qazlal's Regard (worn) {rN+ Regen+ Str-5 Dex+4}
   (You found it on level 3 of the Lair of Beasts)

   It affects your strength (-5).
   It affects your dexterity (+4).
   It protects you from negative energy.
   It increases your rate of regeneration.
 Y - a +2 cloak of cold resistance
Rods
 V - a +3 rod of inaccuracy (9/9)
   (You found it on level 8 of the Lair of Beasts)
Jewellery
 e - an uncursed ring of protection from magic
 n - a ring of sustain attributes (left claw)
 C - an uncursed ring of flight
 I - a ring of stealth (right claw)
 K - an amulet of guardian spirit (around neck)
 T - an uncursed amulet of dismissal
Wands
 d - a wand of disintegration (12/24)
 o - a wand of digging (15/24)
 v - a wand of confusion (34/48)
 Q - a wand of flame (9/48)
Scrolls
 a - a scroll of amnesia
 h - 6 scrolls of magic mapping
 k - 12 scrolls of remove curse
 x - 3 scrolls of fear
 y - 4 scrolls of fog
 A - 3 scrolls of recharging
 H - 4 scrolls of identify
 R - 3 scrolls of teleportation
 S - 2 scrolls of blinking
Potions
 g - 4 potions of curing
 j - 2 potions of resistance
 l - 4 potions of might
 m - 4 potions of lignification
 s - 6 potions of haste
 w - a potion of brilliance
 z - 2 potions of ambrosia
 J - 3 potions of magic
 L - a potion of invisibility
 M - a potion of cancellation
 X - 3 potions of berserk rage
Books
 r - a book of Debilitation

   Spells                             Type                      Level
   a - Corona                         Hexes                        1
   b - Slow                           Hexes                        2
   c - Gell's Gravitas                Hexes/Translocation          3
   d - Inner Flame                    Hexes/Fire                   3
   e - Cause Fear                     Hexes                        4
   f - Leda's Liquefaction            Hexes/Earth                  4
 t - a book of Conjurations

   Spells                             Type                      Level
   a - Magic Dart                     Conjuration                  1
   b - Searing Ray                    Conjuration                  2
   c - Dazzling Spray                 Conjuration/Hexes            3
   d - Fulminant Prism                Conjuration/Hexes            4
   e - Iskenderun's Mystic Blast      Conjuration                  4
   f - Iskenderun's Battlesphere      Conjuration/Charms           5
Miscellaneous
 F - a box of beasts
 U - a phantom mirror
Comestibles
 b - 3 beef jerkies
 c - 5 bread rations
 f - 9 meat rations
 D - 19 fruits


   Skills:
 - Level 13.0 Fighting
   Level 2.0 Polearms
 - Level 5.4 Armour
 - Level 12.0 Dodging
 * Level 1.3 Shields
 - Level 13.0 Unarmed Combat
 + Level 18.6 Invocations


You had 14 spell levels left.
You didn't know any spells.

Dungeon Overview and Level Annotations

Branches:
Dungeon (13/15)            Temple (0/1) D:7            Lair (8/8) D:11
 Shoals (0/4) Lair:3       Spider (2/4) Lair:5        Slime (0/6) Lair:6
    Orc (2/2) D:10            Elf (0/3) Orc:2
 Vaults: D:13-14

Altars:
Dithmenos
Elyvilon
Fedhas
Gozag
Hepliaklqana
Kikubaaqudgha
Nemelex Xobeh
Pakellas
Ru
Trog
Yredelemnul
Zin
Beogh
Jiyva

Shops:
D:5 }%   D:7 (   Orc:2 ((}!*

Annotations:
D:9 tstbtto's ghost, novice HOGl
Orc:2 corrupted
Abyss:1 Psyche; Urug


Innate Abilities, Weirdness & Mutations

You have very sharp fingernails.
A demonic guardian rushes to your aid.
You resist negative energy. (rN+)
You are mostly covered in sharp spines.
Your movements are slightly less encumbered by armour. (ER -2)
You have sharp toenails.
You tend to lose your temper in combat.
You are clumsy. (Dex -2)
Armour fits poorly on your strangely shaped body.
Your flesh is heat resistant. (rF+)
You are resistant to hostile enchantments. (MR+)


Message History

Aim: a demonic crawler (severely wounded)
The puff of flame hits the demonic crawler.
The demonic crawler appears unharmed.
The demonic crawler is severely wounded.
Evoking this partially-identified wand wasted a few charges.
You feel sick. You block the demonic crawler's attack.
The demonic crawler hits you!
* * * LOW HITPOINT WARNING * * *
The demonic crawler hits you!
* * * LOW HITPOINT WARNING * * *
Your ice devil barely misses the demonic crawler.
The scorpion closely misses you.
The demonic crawler barely misses you. x2
The demonic crawler closely misses you.
You don't have enough magic at the moment.
You feel better.
Your ice devil barely misses the demonic crawler.
The demonic crawler hits you!
* * * LOW HITPOINT WARNING * * *
The demonic crawler hits you!
You die...

.....#s...............##...#
#.....(..............##...####
.........................##...
.......#................##..%.
........................#.....
........^....#.....s...........
.................../...........
..............††4s..............
........(...>...@s..............
......#.#....:..................
...#.....^.......#........#..#..
..........#.....................
........#................#....#.
#.#.............................
#....#...........^..#..........
#..........................#...
#........................#......


You could see a demonic crawler, a tarantella, a scorpion and a friendly ice
devil.

Vanquished Creatures
  An emperor scorpion (Spider:2)
  Azrael (Orc:2)
  Josephine (D:13)
  2 catoblepae (Lair:8)
  3 death yaks (Lair:8)
  A hill giant (D:10)
  3 griffons
  6 orb spiders
  12 wolf spiders
  An orc sorcerer (Orc:2)
  3 hornets
  An ugly thing (D:12)
  9 elephants (Lair:4)
  7 black mambas
  Joseph (D:7)
  An ice statue (IceCv)
  3 torpor snails
  A gargoyle (D:13)
  14 spiny frogs
  A centaur skeleton (D:13)
  4 rime drakes
  7 komodo dragons
  7 demonic crawlers
  8 trolls
  16 polar bears
  Grinder (D:4)
  19 jumping spiders
  A two-headed ogre (D:13)
  11 blink frogs
  A snapping turtle (Lair:3)
  2 slime creatures (D:12)
  13 tarantellas
  35 redbacks
  A shadow (D:11)
  34 yaks
  The ghost of tstbtto the Chopper, an amateur NaGl of Trog (D:4)
  2 wyverns
  5 wraiths (D:13)
  2 basilisks
  2 fire elementals (Orc:2)
  10 hippogriffs
  2 hogs (Lair:5)
  2 hungry ghosts
  A warg (Orc:2)
  21 water moccasins
  3 hell hounds (Orc:2)
  16 porcupines
  Purgy (Sewer)
  2 sky beasts
  3 black bears
  16 orc warriors
  5 ogres
  A wasp (D:9)
  An ice beast (D:6)
  A phantom (D:11)
  19 wolves
  6 centaurs
  10 crocodiles
  3 big kobolds
  21 giant frogs
  17 scorpions
  A water moccasin skeleton (D:8)
  18 killer bees
  8 wights (D:8)
  4 howler monkeys
  2 electric eels (Lair:6)
  8 crimson imps
  A giant frog zombie (D:12)
  6 hounds
  2 quasits (D:11)
  27 orc wizards
  23 orc priests
  A giant frog skeleton (D:12)
  A gnoll shaman (D:4)
  8 jellies
  8 worker ants
  11 iguanas
  14 sheep
  A hound skeleton (D:4)
  A howler monkey zombie (D:9)
  A worker ant zombie (D:11)
  A howler monkey skeleton (D:11)
  29 river rats
  12 adders
  10 gnolls
  2 shadow imps
  An adder zombie (D:9)
  An adder skeleton (D:4)
  6 worms
  4 dart slugs
  11 giant geckos
  72 orcs
  5 bats
  5 giant cockroaches
  15 goblins
  6 hobgoblins
  19 jackals
  4 quokkas
  2 ball pythons
  A giant gecko skeleton (D:4)
  10 giant newts
  18 kobolds
  11 rats
  A fungus (Lair:8)
  3 plants
800 creatures vanquished.

Vanquished Creatures (collateral kills)
  Kirke (Lair:5)
  Maud (Lair:5)
  A catoblepas (Lair:8)
  A hydra (Lair:2)
  9 death yaks (Lair:8)
  A hill giant (D:13)
  An orb spider (Lair:5)
  2 wolf spiders (Spider:2)
  A cyclops (D:12)
  A griffon (D:13)
  An elephant (Lair:4)
  2 spiny frogs
  2 rime drakes
  A troll (D:13)
  3 jumping spiders
  6 slime creatures
  2 polar bears (IceCv)
  2 blink frogs
  A redback (Spider:2)
  A shadow (D:12)
  13 yaks
  A basilisk (Lair:2)
  2 hogs (Lair:5)
  A warg (Orc:2)
  2 orc warriors
  An ogre (Orc:2)
  2 wolves (Lair:1)
  4 scorpions
  4 killer bees
  A howler monkey (D:4)
  A hound (D:4)
  3 orc wizards
  2 orc priests (Orc:2)
  An iguana (D:4)
  A worker ant (D:4)
  A gnoll (D:12)
  An adder (D:4)
  A river rat (Lair:5)
  10 orcs
  2 kobolds (D:12)
94 creatures vanquished.

Vanquished Creatures (others)
  A frost giant (IceCv)
  Donald (Orc:2)
  A hydra (Lair:8)
  5 centaur warriors (D:13)
  A death yak (Lair:8)
  2 orc high priests (Orc:2)
  A wolf spider (Spider:1)
  A necromancer (D:13)
  An orb spider (Spider:1)
  A deep elf mage (D:12)
  2 wizards (D:13)
  4 orc sorcerers (Orc:2)
  3 kobold demonologists
  A troll (Orc:2)
  A vampire (D:13)
  4 orc warriors (Orc:2)
  8 ice beasts (Orc:2)
  2 ogres (Orc:2)
  5 orc priests (Orc:2)
  14 orc wizards (Orc:2)
  8 orcs (Orc:2)
  23 fungi
  9 plants
  2 starspawn tentacles (Orc:2)
101 creatures vanquished.

Grand Total: 995 creatures vanquished

Notes
Turn   | Place    | Note
--------------------------------------------------------------
     0 | Abyss:1  | Geppetto the Demonspawn Abyssal Knight began the quest for the Orb.
     0 | Abyss:1  | Reached XP level 1. HP: 18/18 MP: 2/2
    30 | Abyss:1  | Noticed an ophan
    31 | D:1      | Escaped the Abyss
    42 | D:1      | Reached skill level 1 in Dodging
   296 | D:1      | Reached * piety under Lugonu
   344 | D:1      | Gained mutation: You have sharp fingernails. [demonic ancestry]
   344 | D:1      | Reached XP level 2. HP: 20/24 MP: 4/4
   535 | D:1      | Reached skill level 3 in Invocations
   863 | D:1      | Reached skill level 1 in Unarmed Combat
  1146 | D:1      | Reached XP level 3. HP: 25/29 MP: 5/5
  1955 | D:2      | Reached ** piety under Lugonu
  3139 | D:3      | Gained mutation: You have very sharp fingernails. [demonic ancestry]
  3139 | D:3      | Reached XP level 4. HP: 29/35 MP: 6/6
  3712 | D:3      | Gained mutation: A weak demonic guardian rushes to your aid. [demonic ancestry]
  3712 | D:3      | Reached XP level 5. HP: 19/41 MP: 7/7
  4115 | D:4      | Reached *** piety under Lugonu
  4140 | D:4      | Noticed tstbtto's ghost (amateur NaGl)
  5090 | D:4      | Reached skill level 5 in Unarmed Combat
  5090 | D:4      | Gained mutation: You are partially covered in sharp spines. [demonic ancestry]
  5090 | D:4      | Reached XP level 6. HP: 47/47 MP: 8/8
  5103 | D:4      | Killed tstbtto's ghost
  5415 | D:4      | Noticed Grinder
  5828 | D:4      | Reached skill level 5 in Fighting
  5831 | D:4      | Reached XP level 7. HP: 56/56 MP: 9/9
  6690 | D:4      | Reached **** piety under Lugonu
  7048 | D:4      | Paralysed by Grinder for 4 turns
  7641 | D:4      | Killed Grinder
  7869 | D:4      | Gained mutation: You are mostly covered in sharp spines. [demonic ancestry]
  7869 | D:4      | Reached XP level 8. HP: 49/64 MP: 10/10
  8055 | D:5      | Entered Level 5 of the Dungeon
  8101 | D:5      | Found Qoequzedd's Gadget Boutique.
  8121 | D:5      | Found an opulent altar of Gozag.
  8121 | D:5      | Found an ancient bone altar of Kikubaaqudgha.
  8318 | D:5      | Found Geissed's Food Shoppe.
  8377 | D:5      | Found a blossoming altar of Fedhas.
  8903 | D:4      | Reached skill level 4 in Invocations
  8979 | D:5      | Reached skill level 5 in Dodging
  9004 | D:5      | Gained mutation: You tend to lose your temper in combat. [mutagenic meat]
  9006 | D:5      | Gained mutation: You have sharp toenails. [mutagenic meat]
  9007 | D:5      | Gained mutation: You are clumsy. (Dex -2) [mutagenic meat]
  9008 | D:5      | Gained mutation: Your flesh is heat resistant. (rF+) [mutagenic meat]
  9009 | D:5      | Gained mutation: Armour fits poorly on your strangely shaped body. [mutagenic meat]
  9100 | D:6      | Reached skill level 5 in Invocations
  9267 | D:5      | Found a sparkling altar of Nemelex Xobeh.
  9548 | D:6      | Found a glowing drain.
  9565 | Sewer    | Entered a sewer
  9628 | Sewer    | Reached ***** piety under Lugonu
  9639 | Sewer    | Noticed Purgy
  9648 | Sewer    | Killed Purgy
 10232 | D:6      | Reached skill level 6 in Invocations
 10252 | D:6      | Gained mutation: Your movements are slightly less encumbered by armour. (ER -2) [demonic ancestry]
 10252 | D:6      | Reached XP level 9. HP: 65/69 MP: 13/13
 11269 | D:7      | Found Qeimead's Antique Weapon Boutique.
 11456 | D:7      | Noticed Joseph
 11478 | D:7      | Killed Joseph
 11478 | D:7      | Reached skill level 7 in Invocations
 11716 | D:7      | Found a basalt altar of Yredelemnul.
 12253 | D:7      | Found an oddly glowing altar of Pakellas.
 12310 | D:7      | Found a staircase to the Ecumenical Temple.
 12438 | D:8      | Noticed a moth of wrath
 12441 | D:8      | Found a bloodstained altar of Trog.
 12563 | D:8      | Reached skill level 5 in Armour
 12875 | D:8      | Reached skill level 8 in Invocations
 13190 | D:8      | Found a blossoming altar of Fedhas.
 13193 | D:8      | Noticed a kobold demonologist
 13194 | D:8      | Banished a kobold demonologist
 13378 | D:8      | Reached XP level 10. HP: 45/76 MP: 16/16
 13384 | D:8      | Noticed Psyche
 13395 | D:8      | Banished Psyche
 13397 | D:8      | Reached skill level 9 in Invocations
 13782 | D:8      | Found a shadowy altar of Dithmenos.
 13865 | D:9      | Found an oddly glowing altar of Pakellas.
 13893 | D:9      | Noticed tstbtto's ghost (novice HOGl)
 14223 | D:9      | Found a hazy altar of Hepliaklqana.
 14434 | D:9      | Found a sacrificial altar of Ru.
 14437 | D:9      | Found a white marble altar of Elyvilon.
 14440 | D:9      | Found a glowing silver altar of Zin.
 14843 | D:9      | Got a fine robe
 14854 | D:9      | Identified the +1 robe of Disappointment {rPois rF++} (You found it on level 9 of the Dungeon)
 15611 | D:10     | Entered Level 10 of the Dungeon
 15611 | D:10     | Noticed a hill giant
 15623 | D:10     | Killed a hill giant
 15813 | D:10     | Found a staircase to the Orcish Mines.
 15821 | D:10     | Reached skill level 10 in Invocations
 15853 | D:10     | Got a steaming cloak
 15859 | D:10     | Identified the +2 cloak of Immorality {rPois Int+4} (You found it on level 10 of the Dungeon)
 16643 | D:10     | Found a roughly hewn altar of Beogh.
 16838 | D:11     | Reached ****** piety under Lugonu
 17080 | D:11     | Found a staircase to the Lair.
 17693 | D:11     | Noticed Urug
 17785 | D:11     | Banished Urug
 17785 | D:11     | Reached skill level 11 in Invocations
 17785 | D:11     | Gained mutation: A demonic guardian rushes to your aid. [demonic ancestry]
 17785 | D:11     | Reached XP level 11. HP: 15/84 MP: 8/19
 18434 | D:12     | Found a viscous altar of Jiyva.
 18440 | D:12     | Noticed a green ugly thing
 18711 | D:12     | Killed a green ugly thing
 18762 | D:12     | Noticed a deep elf mage
 19060 | D:12     | Banished a deep elf mage
 19459 | D:13     | Noticed a hill giant
 19465 | D:13     | Killed a hill giant
 19465 | D:13     | Reached skill level 12 in Invocations
 19519 | D:13     | Noticed a centaur warrior
 19916 | D:13     | Noticed Josephine
 19925 | D:13     | Noticed a centaur warrior
 19925 | D:13     | Killed Josephine
 20179 | D:13     | Banished a centaur warrior
 20581 | D:13     | Banished a centaur warrior
 21035 | D:13     | Noticed a griffon
 21038 | D:13     | Killed a griffon
 21038 | D:13     | Gained mutation: You resist negative energy. (rN+) [demonic ancestry]
 21038 | D:13     | Reached XP level 12. HP: 95/95 MP: 21/21
 21216 | D:13     | Noticed a centaur warrior
 21216 | D:13     | Banished a centaur warrior
 21216 | D:13     | Reached skill level 13 in Invocations
 21266 | D:13     | Noticed a centaur warrior
 21267 | D:13     | Banished a centaur warrior
 21282 | D:13     | Noticed a centaur warrior
 21284 | D:13     | Banished a centaur warrior
 21457 | Lair:1   | Entered Level 1 of the Lair of Beasts
 22072 | Lair:1   | Reached skill level 10 in Unarmed Combat
 22639 | Lair:2   | Gained mutation: You are resistant to hostile enchantments. (MR+) [potion of mutation]
 22639 | Lair:2   | Gained mutation: Your spells are a little harder to cast, but a little more powerful. [potion of mutation]
 22639 | Lair:2   | Lost mutation: Your spells are a little harder to cast, but a little more powerful. [potion of mutation]
 23733 | Lair:2   | Reached skill level 10 in Fighting
 23747 | Lair:2   | Reached skill level 14 in Invocations
 24512 | Lair:2   | Noticed a seven-headed hydra
 24518 | Lair:2   | Killed a seven-headed hydra
 25276 | Lair:3   | Got a pair of dazzling boots
 25282 | Lair:3   | Identified the cursed +0 pair of boots of Qazlal's Regard {rN+ Regen+ Str-5 Dex+4} (You found it on level 3 of the Lair of Beasts)
 25406 | Lair:3   | Reached skill level 10 in Dodging
 25486 | Lair:3   | Reached XP level 13. HP: 85/103 MP: 23/23
 26416 | Lair:3   | Found a staircase to the Shoals.
 27177 | Lair:4   | Reached skill level 15 in Invocations
 28239 | Lair:5   | Noticed Maud
 28254 | Lair:5   | Killed Maud
 28980 | Lair:5   | Noticed Kirke
 28982 | Lair:5   | Noticed a sphinx
 29006 | Lair:5   | Killed Kirke
 29249 | Lair:5   | Found a hole to the Spider Nest.
 30946 | Lair:6   | Found a viscous altar of Jiyva.
 30947 | Lair:6   | Found a staircase to the Slime Pits.
 32387 | Lair:7   | Reached skill level 16 in Invocations
 33023 | Lair:8   | Entered Level 8 of the Lair of Beasts
 33340 | Lair:8   | Reached XP level 14. HP: 92/113 MP: 22/26
 35814 | Lair:8   | Identified Cuompa's Collected Works on the Compass and Snow (You found it on level 8 of the Lair of Beasts)
 35820 | Lair:8   | Identified a +3 rod of inaccuracy (9/9) (You found it on level 8 of the Lair of Beasts)
 36084 | Lair:8   | Upgraded the game from 0.19-a0-459-gb8ed64d to 0.19-a0-465-g1d1674b
 36268 | Orc:1    | Entered Level 1 of the Orcish Mines
 36277 | Orc:1    | Reached skill level 17 in Invocations
 36424 | Orc:2    | Entered Level 2 of the Orcish Mines
 36447 | Orc:2    | Noticed Donald
 36455 | Orc:2    | Corrupted Orc:2
 36455 | Orc:2    | Noticed a starcursed mass
 36455 | Orc:2    | Noticed a tentacled starspawn
 36455 | Orc:2    | Noticed an Executioner
 36461 | Orc:2    | Killed Donald
 36587 | Orc:2    | Found a frozen archway.
 36596 | IceCv    | Entered an ice cave
 38082 | IceCv    | Noticed a frost giant
 38086 | IceCv    | Banished a frost giant
 38592 | Orc:2    | Found Pekigr Mozor's General Store.
 38661 | Orc:2    | Found Fiummad's Distillery.
 38661 | Orc:2    | Found Kiphil's Gadget Shop.
 38816 | Orc:2    | Found Haiw's Weapon Boutique.
 38819 | Orc:2    | Found Pelor's Weapon Boutique.
 38827 | Orc:2    | Bought a potion of haste for 150 gold pieces
 38827 | Orc:2    | Bought a potion of heal wounds for 75 gold pieces
 39513 | Orc:2    | Found a staircase to the Elven Halls.
 39549 | Orc:2    | Noticed Azrael
 39556 | Orc:2    | Killed Azrael
 39588 | Orc:2    | Found a roughly hewn altar of Beogh.
 40807 | Lair:8   | Got a scorched chain mail
 40818 | Lair:8   | Identified the cursed +1 chain mail of Kihyron {Int+3} (You found it on level 8 of the Lair of Beasts)
 41151 | Orc:1    | Found a roughly hewn altar of Beogh.
 41255 | Orc:2    | Bought a box of beasts for 260 gold pieces
 41255 | Orc:2    | Bought a scroll of acquirement for 676 gold pieces
 41263 | Orc:2    | Identified a -1 rod of ignition (12/12) (You acquired it on level 2 of the Orcish Mines)
 41449 | Spider:1 | Entered Level 1 of the Spider Nest
 42570 | Spider:1 | Reached XP level 15. HP: 67/120 MP: 17/27
 44314 | Spider:1 | Reached skill level 18 in Invocations
 44433 | Spider:1 | HP: 4/120 [disintegration (18)]
 47035 | Spider:2 | Reached skill level 1 in Shields
 47086 | Spider:2 | HP: 2/123 [demonic crawler (6)]
 47089 | Spider:2 | Slain by a demonic crawler

Vault maps used:
D:1:      dpeg_arrival_erosion
D:2:      first_bread
D:4:      corexii_shack_village, corexii_shack, minmay_surrounded, uniq_grinder
D:5:      nicolae_overflow_hidden_temple, serial_shops, shop, nicolae_shop_stone
D:6:      portal_sewer_entry_b
D:7:      johnstein_pakellas_dig, yredelemnul_altar_generic,
          minmay_temple_entry_poolview, serial_shops, nicolae_shop_crystal,
          uniq_joseph
D:8:      tgw_trog, hangedman_tree_tricks, david_defended_altar_elf, uniq_psyche
D:9:      grunt_temple_overflow_cloverleaf, basic_altar, grunt_ministairs_14
D:10:     minmay_orc_entry_temple_small
D:11:     dpeg_oklobed_lair, uniq_urug
D:12:     jiyva_altar_1
D:13:     david_vaults_1, uniq_josephine, uniq_sonja
Lair:1:   grunt_megastairs_1
Lair:2:   beast_lair_carwin_7, serial_bayou_shore_a
Lair:3:   minmay_shoals_entry_hut, grunt_megastairs_5, serial_bayou_shore_b,
          lemuel_fruit_tree
Lair:4:   beast_lair_carwin_large_2, grunt_forest_small_clearings
Lair:5:   nicolae_spider_entry_orb_guardian, grunt_megastairs_2, uniq_maud,
          uniq_kirke
Lair:6:   dpeg_slime_entry_enclosed_altar, serial_bayou_lake_a,
          infiniplex_staircase_pool_2
Lair:7:   serial_bayou_shore_b
Lair:8:   evilmike_catoblepas_cave
Spider:2: spiders_nest_a
Orc:1:    minmay_orc_temple_b
Orc:2:    st_orc_mages, serial_shops, nicolae_shop_window_shopping, basic_altar,
          portal_ice_cave_entry_ice_beasts, uniq_donald, uniq_azrael
Sewer:    sewer_co_purgy_island
IceCv:    ice_cave_small_giant

Skill      XL: |  1  2  3  4  5  6  7  8  9 10 11 12 13 14 15 |
---------------+----------------------------------------------+-----
Dodging        | 1 3 5 6 8 10 11 12 | 12.0
Polearms       | 2 |  2.0
Invocations    | 3 6 8 11 12 14 16 17 18 | 18.6
Unarmed Combat | 1 2 3 5 6 7 9 10 11 12 13 | 13.0
Fighting       | 5 6 7 9 10 11 12 13 | 13.0
Armour         | 5 |  5.4
Shields        | 1 |  1.3

Action                   |  1- 3 |  4- 6 |  7- 9 | 10-12 | 13-15 || total
-------------------------+-------+-------+-------+-------+-------++-------
Melee: Spear             |    31 |       |       |       |       ||    31
       Unarmed           |   171 |   151 |   326 |   718 |  1317 ||  2683
       Punch             |       |     3 |     6 |    27 |    80 ||   116
       Kick              |       |       |    38 |   197 |   342 ||   577
Throw: Tomahawk          |       |     2 |     3 |    30 |    53 ||    88
       Throwing net      |       |       |       |     1 |       ||     1
       Javelin           |       |       |       |    22 |    25 ||    47
Invok: Depart the Abyss  |     1 |       |       |       |       ||     1
       Banish            |       |       |     1 |    17 |    20 ||    38
       Corrupt           |       |       |       |       |     1 ||     1
Evoke: Wand              |       |       |       |     2 |     8 ||    10
  Use: Scroll            |    10 |     2 |    11 |    14 |    13 ||    50
       Potion            |       |     3 |     2 |     6 |    10 ||    21
 Stab: Sleeping          |     1 |       |     2 |     7 |    16 ||    26
       Distracted        |       |     2 |     3 |     6 |    11 ||    22
       Confused          |       |       |       |     1 |       ||     1
       Held in net/web   |       |       |       |     1 |       ||     1
  Eat: Chunk             |     7 |     7 |    21 |    31 |    62 ||   128
       Beef jerky        |       |     1 |       |       |       ||     1
       Bread ration      |       |       |     2 |     3 |     2 ||     7
       Pizza             |       |       |     1 |       |       ||     1
       Fruit             |       |       |       |     6 |    16 ||    22
Armor: Leather armour    |    58 |    26 |    25 |       |       ||   109
       Ring mail         |       |       |    13 |     2 |       ||    15
       Skin              |       |       |       |   106 |       ||   106
       Robe              |       |       |       |    46 |   111 ||   157
       Troll leather arm |       |       |       |       |    40 ||    40
Dodge: Dodged            |   131 |    60 |   184 |   408 |  1202 ||  1985
Block: Buckler           |       |       |       |       |    15 ||    15
